 Dungeon Crawl Stone Soup version 0.22-a0-3-g4fa69d9 (webtiles) character file.

70 shenanigans the Skirmisher (level 4, -2/35 HPs)
             Began as a Barachi Skald on Jan 2, 2018.
             Slain by a hobgoblin (5 damage)
             ... led by Robin
             ... on level 2 of the Dungeon.
             The game lasted 00:02:18 (994 turns).

shenanigans the Skirmisher (Barachi Skald)           Turns: 994, Time: 00:02:19

Health: -2/35      AC:  5    Str: 12    XL:     4   Next: 22%
Magic:  7/7        EV: 11    Int: 14    God:
Gold:   78         SH:  0    Dex: 12    Spells: 6/7 levels left

rFire    . . .     SeeInvis .   a - +0 hand axe
rCold    . . .     Gourm    .   (no shield)
rNeg     . . .     Faith    .   h - +0 ring mail
rPois    .         Spirit   .   (no helmet)
rElec    .         Reflect  .   (no cloak)
rCorr    .         Harm     .   (no gloves)
MR       .....                  (no boots)
Stlth    +.........             (no amulet)
HPRegen  0.11/turn              (no ring)
MPRegen  0.10/turn              (no ring)

@: very slightly contaminated, slow
A: +LOS, swims, slowness 1, strong legs 1
a: Hop


You were on level 2 of the Dungeon.
You were not hungry.

You visited 1 branch of the dungeon, and saw 2 of its levels.

You collected 78 gold pieces.

Inventory:

Hand Weapons
 a - a +0 hand axe (weapon)
Armour
 b - a +0 leather armour
 h - a +0 ring mail (worn)
Scrolls
 f - 2 scrolls of identify {unknown}
 g - 2 scrolls of teleportation {unknown}
 j - a scroll of amnesia {unknown}
 k - 2 scrolls of remove curse {unknown}
 n - a scroll of noise {unknown}
Potions
 e - a potion of heal wounds {unknown}
 i - 2 potions of flight {unknown}
 l - a potion of cancellation {unknown}
 m - 2 potions of degeneration {unknown}
Books
 c - a book of Battle

   Spells                             Type                      Level
   a - Infusion                       Charms                       1
   b - Shroud of Golubria             Charms/Translocation         2
   c - Song of Slaying                Charms                       2
   d - Spectral Weapon                Hexes/Charms                 3
   e - Regeneration                   Charms/Necromancy            3
Comestibles
 d - 4 rations
 o - 3 chunks of flesh


   Skills:
 + Level 3.3 Fighting
 + Level 3.0 Axes
 + Level 2.5 Armour
 + Level 3.0 Dodging
 - Level 2.1 Spellcasting
 - Level 3.2 Charms


You had 6 spell levels left.
You knew the following spells:

 Your Spells              Type           Power        Failure   Level  Hunger
a - Infusion              Chrm           ##..         13%         1    #......


Dungeon Overview and Level Annotations

Branches:
Dungeon (2/15)

Altars:

Annotations:
D:2 Robin


Innate Abilities, Weirdness & Mutations

Shadows flee at your approach. (+LOS)
You can swim through water.
You cover ground slowly.
You can hop short distances.


Message History

Unknown command.
You hit the goblin.
You kill the goblin!
You hit something. You barely miss the hobgoblin.
You hit the hobgoblin but do no damage.
The hobgoblins go into a battle-frenzy!
The hobgoblin hits you.
You hit the hobgoblin.
The hobgoblin is lightly wounded.
You barely miss the hobgoblin. You closely miss the hobgoblin.
You completely miss something. The hobgoblin misses you. Something hits you.
The hobgoblin barely misses you. The hobgoblin hits you.
* * * LOW HITPOINT WARNING * * *
Your ring mail prevents you from hitting the hobgoblin.
The hobgoblin is lightly wounded.
You closely miss the hobgoblin. You hit the hobgoblin. You hit something.
The hobgoblin closely misses you. Something hits you.
* * * LOW HITPOINT WARNING * * *
The hobgoblin hits you.
You die...

.##.......# #...#
.##.......# #...####
..........# #......#
..........# #......#
..........# #...=..#
..........# #.(....#
..........###....?.###+##
................†{.......
............(..g@g.......
########......)#g#.......
#.....†.#.'.......
#...<(..###.......
######### ....... ######


You could see 3 hobgoblins.

Vanquished Creatures
  Natasha (D:1)
  3 dart slugs
  A leopard gecko (D:2)
  3 bats (D:1)
  2 giant cockroaches (D:1)
  10 goblins
  8 hobgoblins
  A kobold (D:1)
  8 rats
37 creatures vanquished.

Notes
Turn   | Place    | Note
-------+----------+-------------------------------------------
     0 | D:1      | shenanigans the Barachi Skald began the quest for the Orb.
     0 | D:1      | Reached XP level 1. HP: 17/17 MP: 3/3
   206 | D:1      | Reached XP level 2. HP: 23/23 MP: 5/5
   501 | D:1      | Reached XP level 3. HP: 24/28 MP: 6/6
   793 | D:2      | Noticed Natasha
   807 | D:1      | Killed Natasha
   919 | D:2      | Reached XP level 4. HP: 30/35 MP: 3/7
   983 | D:2      | Noticed Robin
   994 | D:2      | Slain by a hobgoblin

Vault maps used:
D:1:      lightli_molten_gateway
D:2:      tgw_fedhas, grunt_dithmenos_smoke, first_ration, cheibriados_altar_1,
          uniq_natasha, uniq_robin

Skill      XL: |  1  2  3  4 |
---------------+-------------+-----
Armour         | 2 |  2.5
Fighting       | 3 |  3.3
Axes           | 3 |  3.0
Dodging        | 3 |  3.0
Spellcasting   | |  2.1
Charms         | |  3.2

Action                   |  1- 3 |  4- 6 || total
-------------------------+-------+-------++-------
Melee: Hand axe          |    79 |    18 ||    97
 Cast: Infusion          |     3 |       ||     3
  Eat: Chunk             |       |     1 ||     1
Armor: Leather armour    |     8 |       ||     8
       Ring mail         |    19 |     6 ||    25
Dodge: Dodged            |    33 |    24 ||    57

Table legend:
 A = Spawn XP
 B = Non-spawn XP
 C = Spawn XP percentage of total XP
 D = Spawn monster count
 E = Non-spawn monster count
 F = Spawn count percentage of total count
 G = Total turns spent on level
                    A         B        C        D         E        F      G
               +---------+---------+-------+---------+---------+-------+---------
         Total |       0 |     101 |   0.0 |       0 |      37 |   0.0 |   994
               +---------+---------+-------+---------+---------+-------+---------
           D:1 |       0 |      73 |   0.0 |       0 |      24 |   0.0 |   870
           D:2 |       0 |      28 |   0.0 |       0 |      13 |   0.0 |   124
               +---------+---------+-------+---------+---------+-------+---------
